 Dungeon Crawl Stone Soup version 0.17-a0-1570-g74b7129 (webtiles) character file.

307 SpaceOctopus the Chopper (level 6, -12/51 HPs)
             Began as a Minotaur Fighter on July 8, 2015.
             Mangled by an ogre
             ... wielding a +0 giant club
              (13 damage)
             ... on level 3 of the Dungeon on July 23, 2015.
             The game lasted 00:10:53 (3822 turns).

SpaceOctopus the Chopper (Minotaur Fighter)         Turns: 3822, Time: 00:10:53

Health: -12/51     AC:  9    Str: 20    XL:     6   Next: 16%
Magic:  5/5        EV:  7    Int:  6    God:
Gold:   147        SH: 10    Dex: 11    Spells: 0 memorised, 5 levels left

rFire  . . .     SeeInvis +     n - +0 hand axe (chop)
rCold  . . .     Clarity  .     b - +0 scale mail
rNeg   . . .     SustAt   .     c - +1 shield
rPois  .         Gourm    .     (helmet restricted)
rElec  .         Spirit   .     f - +0 cloak
rCorr  .         Warding  .     j - +0 pair of gloves
rMut   .         Stasis   .     (no boots)
MR     .....                    (no amulet)
Stlth  ..........               (no ring)
                                r - ring of see invisible

@: not resistant to hostile enchantments, extremely unstealthy
A: retaliatory headbutt, horns 2
a: no special abilities


You were on level 3 of the Dungeon.
You were not hungry.

You visited 1 branch of the dungeon, and saw 3 of its levels.

You collected 147 gold pieces.

Inventory:

Hand weapons
 n - a +0 hand axe of chopping (weapon)
Armour
 b - a +0 scale mail (worn)
 c - a +1 shield (worn)
 f - a +0 cloak (worn)
 j - a +0 pair of gloves (worn)
Jewellery
 r - a ring of see invisible (left hand)
Magical devices
 p - a wand of slowing (36)
Scrolls
 g - 3 scrolls of remove curse
 h - a scroll of fear
 m - a scroll of blinking
Potions
 d - a potion of might
 i - a potion of cancellation
 k - a potion of brilliance
 q - a potion of lignification {unknown}
Comestibles
 a - 2 chunks of flesh
 e - 6 bread rations
 l - a meat ration


   Skills:
 - Level 3.6 Fighting
 * Level 7.9 Axes
 - Level 3.6 Armour
 - Level 3.6 Shields


You had 5 spell levels left.
You didn't know any spells.

Dungeon Overview and Level Annotations

Branches:
Dungeon (3/15)

Altars:
Nemelex Xobeh


Innate Abilities, Weirdness & Mutations

You reflexively headbutt those who attack you in melee.
You have a pair of horns on your head.


Message History

Found a war axe.
You see here a war axe.
You see here 15 stones.
An ogre comes into view. It is wielding a giant club.
You hit the ogre.
The ogre is lightly wounded.
The ogre hits you with a giant club!
You hit the ogre. You headbutt the ogre.
The ogre is heavily wounded.
You barely miss the ogre.
The ogre is heavily wounded.
The ogre hits you with a giant club!!
You hit the ogre.
The ogre is severely wounded.
The ogre hits you with a giant club!!
* * * LOW HITPOINT WARNING * * *
You completely miss the ogre.
The ogre is severely wounded.
The ogre hits you with a giant club!
You die...

##.#.##....#
#.############.#
...#.#######
#..............#
#..#.# #####
################
#..#.# #.....
#..#.# #....####
#..#.# #....... #
#.#
#....#.######.#
#.............#
#......#.@O...#
#......#.####.#
#......#.#
###.#..#.#
...#..#.# ##
##......#..#.#
.#.#.......#..#.#
.#.#.......#..#.#
.#.#.......#..#


You could see an ogre.

Vanquished Creatures
  Crazy Yiuf (D:2)
  Jessica (D:3)
  Terence (D:1)
  An orc priest (D:3)
  Robin (D:2)
  6 adders
  3 gnolls
  An ooze (D:3)
  7 worms
  9 orcs (D:3)
  5 giant cockroaches
  7 hobgoblins
  8 kobolds
  2 quokkas (D:3)
  A ball python (D:3)
  5 bats
  2 giant geckos
  2 giant newts
  14 goblins
  5 jackals
  5 rats
87 creatures vanquished.

Vanquished Creatures (others)
  A goblin (D:2)
1 creature vanquished.

Grand Total: 88 creatures vanquished

Notes
Turn   | Place    | Note
--------------------------------------------------------------
     0 | D:1      | SpaceOctopus the Minotaur Fighter began the quest for the Orb.
     0 | D:1      | Reached XP level 1. HP: 19/19 MP: 0/0
   485 | D:1      | Reached XP level 2. HP: 20/26 MP: 1/1
   562 | D:1      | Upgraded the game from 0.17-a0-1504-gb7d9117 to 0.17-a0-1570-g74b7129
  1053 | D:2      | Reached skill level 4 in Axes
  1053 | D:2      | Reached XP level 3. HP: 28/31 MP: 2/2
  1195 | D:2      | Found a faded altar to an unknown god.
  1202 | D:2      | Noticed Terence
  1393 | D:1      | Killed Terence
  1393 | D:1      | Reached skill level 5 in Axes
  1408 | D:1      | Reached XP level 4. HP: 7/39 MP: 3/3
  1750 | D:2      | Noticed Crazy Yiuf
  1757 | D:2      | Killed Crazy Yiuf
  1757 | D:2      | Reached skill level 6 in Axes
  1953 | D:2      | Reached XP level 5. HP: 45/45 MP: 4/4
  1985 | D:2      | Found a sparkling altar of Nemelex Xobeh.
  2346 | D:2      | Noticed Robin
  2362 | D:2      | Killed Robin
  2533 | D:3      | Noticed Jessica
  2543 | D:3      | Killed Jessica
  2543 | D:3      | Reached skill level 7 in Axes
  3375 | D:3      | Reached XP level 6. HP: 46/51 MP: 5/5
  3815 | D:3      | Noticed an ogre
  3821 | D:3      | HP: 1/51 [ogre/giant club (18)]
  3822 | D:3      | Mangled by an ogre

Vault maps used:
D:1:      evilmike_arrival_hilbert_curve, minmay_misc_feat_secret_circle
D:2:      ecumenical_altar_1, first_bread, nemelex_diamond_rough_becter,
          uniq_robin, uniq_terence, uniq_crazy_yiuf_cottage
D:3:      grunt_ministairs_6, uniq_jessica

Action                   |  1- 3 |  4- 6 || total
-------------------------+-------+-------++-------
Melee: War axe           |    74 |       ||    74
       Hand axe          |     5 |   165 ||   170
  Use: Scroll            |     5 |     7 ||    12
  Eat: Chunk             |     2 |     7 ||     9
